 Dungeon Crawl Stone Soup version 0.26.0-18-gc5c842f807 (webtiles) character file.

Game seed: 653618618187393200

156468 zcampers the Severer (level 17, -6/163 HPs)
             Began as a Minotaur Berserker on Jan 24, 2021.
             Was a High Priest of Trog.
             Mangled by a salamander
             ... wielding a +0 glaive
              (10 damage)
             ... on level 4 of the Snake Pit.
             The game lasted 00:54:57 (31112 turns).

zcampers the Severer (Minotaur Berserker)          Turns: 31112, Time: 00:54:58

Health: -6/163     AC: 36    Str: 27    XL:     17   Next: 10%
Magic:  16/16      EV: 15    Int: 12    God:    Trog [*****.]
Gold:   761        SH: 18    Dex: 15    Spells: 16/16 levels left

rFire    + . .     SeeInvis .   z - +9 war axe (venom)
rCold    + + .     Faith    .   t - +5 kite shield {AC+3}
rNeg     + . .     Spirit   .   x - +6 chain mail of Qomenn {Int+4 Dex+3}
rPois    +         Reflect  .   (helmet restricted)
rElec    .         Harm     .   K - scarf {repulsion}
rCorr    .         Rampage  +   I - +3 pair of gloves "Umainub" {rC+ Str+4}
Will     ++...                  A - +2 pair of boots {rampage}
Stlth    ..........             w - amulet of magic regeneration
HPRegen  0.37/turn              C - ring of poison resistance
MPRegen  0.40/turn              L - ring of Xaisuthe {rF+ rC+ rN+ Will+ AC+4}

@: lethally poisoned (-6 -> -8), about to teleport, constricted, studying Axes,
repel missiles
A: retaliatory headbutt, horns 2, mutation resistance 1, MP-powered wands
a: Renounce Religion, Berserk, Trog's Hand, Brothers in Arms


You were on level 4 of the Snake Pit.
You worshipped Trog.
Trog was extremely pleased with you.
You visited 4 branches of the dungeon, and saw 27 of its levels.
You also visited: Sewer, Gauntlet and Ice Cave.

You collected 2570 gold pieces.
You spent 1809 gold pieces at shops.

Inventory:

Hand Weapons
 z - a +9 war axe of venom (weapon)
Missiles
 m - 40 boomerangs (quivered)
Armour
 t - a +5 kite shield of protection (worn)
 x - the +6 chain mail of Qomenn (worn) {Int+4 Dex+3}
   (You bought it in a shop on level 4 of the Dungeon)

   It affects your intelligence (+4).
   It affects your dexterity (+3).
 A - a +2 pair of boots of rampaging (worn)
 I - the +3 pair of gloves "Umainub" (worn) {rC+ Str+4}
   (You found it on level 14 of the Dungeon)

   It affects your strength (+4).
   It protects you from cold.
 K - a scarf of repulsion (worn)
Jewellery
 s - an uncursed ring of flight
 w - an amulet of magic regeneration (around neck)
 y - the ring "Wauxotur" {rN+ Dex+2}
   (You found it on level 5 of the Dungeon)

   [ring of positive energy]

   It affects your dexterity (+2).
   It protects you from negative energy.
 C - a ring of poison resistance (left hand)
 L - the ring of Xaisuthe (right hand) {rF+ rC+ rN+ Will+ AC+4}
   (You bought it in a shop on level 2 of the Orcish Mines)

   [ring of protection]

   It affects your AC (+4).
   It protects you from fire.
   It protects you from cold.
   It protects you from negative energy.
   It affects your willpower, your defense against some magical effects.
 N - a +6 ring of strength {unknown}
 O - an uncursed ring of see invisible
Wands
 b - a wand of iceblast (51)
 k - a wand of digging (7)
 r - a wand of flame (41)
 v - a wand of acid (46)
 E - a wand of paralysis (13)
 F - a wand of disintegration (13)
 H - a wand of random effects (17)
Scrolls
 d - 14 scrolls of identify
 f - 3 scrolls of fear
 g - 10 scrolls of teleportation
 i - 10 scrolls of remove curse
 j - 4 scrolls of magic mapping
 o - 2 scrolls of immolation
 u - 2 scrolls of fog
 B - 3 scrolls of enchant weapon
 D - 3 scrolls of blinking
 M - a scroll of enchant armour
Potions
 a - 4 potions of magic
 c - 15 potions of curing
 e - 6 potions of lignification
 h - 6 potions of brilliance
 l - 7 potions of flight
 n - 8 potions of heal wounds
 p - 5 potions of might
 G - 2 potions of ambrosia
Books
 q - a manual of Axes
Miscellaneous
 J - a condenser vane


   Skills:
 + Level 17.8 Fighting
 - Level 18.4 Axes
 + Level 17.6 Armour
 + Level 16.4 Dodging
 + Level 9.7 Shields


You had 16 spell levels left.
You didn't know any spells.
Your spell library was empty.

Dungeon Overview and Level Annotations

Branches:
Dungeon (15/15)            Temple (0/1) D:7            Lair (6/6) D:8
 Shoals (0/4) Lair:2        Snake (4/4) Lair:3        Slime (0/5) Lair:5
    Orc (2/2) D:9             Elf (0/3) Orc:2        Vaults (0/5) D:13
 Depths (0/5) D:15          Sewer (visited)           IceCv (visited)
Gauntlet (visited)

Altars:
Ashenzari
Cheibriados
Gozag
Makhleb
Nemelex Xobeh
Qazlal
Ru
Sif Muna
Vehumet
Wu Jian
Xom
The Shining One
Beogh

Shops:
D:4 [   D:5 *[   D:6 [   D:10 (   D:14 [   Orc:2 ==:*


Innate Abilities, Weirdness & Mutations

You reflexively headbutt those who attack you in melee.
You have a pair of horns on your head.
You are somewhat resistant to further mutation.
You expend magic power (3 MP) to strengthen your wands.


Message History

You headbutt the nagaraja, but do no damage.
The nagaraja constricts you. The shock serpent barely misses you.
As you read the scroll of teleportation, it crumbles to dust.
You feel strangely unstable.
You feel sick.
The naga shouts!
The black mamba bites you.
* * * LOW HITPOINT WARNING * * *
The salamander barely misses you. The nagaraja hits your troll.
The nagaraja constricts your troll.
Your troll dies!
Your troll's corpse disappears in a puff of smoke!
The nagaraja gestures at you while chanting.
The poison arrow is repelled.
The naga warrior hits you but does no damage.
The black mamba barely misses you. The salamander closely misses you.
You block the shock serpent's attack. You block the nagaraja's attack.
* * * LOW HITPOINT WARNING * * *
The nagaraja constricts you. The salamander barely misses you.
The salamander hits you from afar with a +0 glaive!
You die...

...............#
.......N.......#
... #.NNN......#
...##NNNNN....#
#...##NN#N....#
#...##N#N....#
#..T#NĂ·##...#
#.SNN.#####
##S@N.....#
##).N....#
##NN....#
##......#
#.....# #.N..#
#.... #.N


You could see 2 naga warriors, 4 nagarajas, 2 naga sharpshooters, 4 salamanders,
a naga ritualist (catching breath), a shock serpent, a black mamba, 9 nagas and
a friendly iron troll (summoned, berserk).

Vanquished Creatures
  Vashnia (Snake:3)
  Saint Roka (Orc:2)
  Kirke (D:15)
  A nagaraja (Snake:4)
  A frost giant (IceCv)
  An orc warlord (Orc:2)
  Louise (D:15)
  A dire elephant (D:15)
  The ghost of canine the Blocker, a journeyman GnFi of Zin (D:10)
  A minotaur (Gauntlet)
  Snorg (D:14)
  Erolcha (Orc:2)
  Fannar (D:12)
  7 naga warriors
  An ice dragon (Lair:6)
  3 boulder beetles
  10 hydras
  4 anacondas
  5 centaur warriors
  2 dancing weapons (D:13)
  3 tengu warriors
  3 two-headed ogres
  A queen ant (Gauntlet)
  4 orc high priests (Orc:2)
  6 death yaks
  4 shock serpents
  13 naga sharpshooters
  Nergalle (Lair:3)
  3 salamander mystics
  3 skeletal warriors (D:15)
  3 unseen horrors
  3 naga ritualists
  Pikel (D:5)
  4 orc knights (Orc:2)
  A necromancer (Gauntlet)
  A wolf spider zombie (D:14)
  2 lindwurms (Lair:6)
  5 mana vipers
  A wolf spider (D:15)
  4 ugly things
  7 orc sorcerers
  A cyclops (D:15)
  3 manticores
  9 salamanders
  4 guardian serpents
  2 centaur zombies (D:12)
  Maurice (D:8)
  11 elephants
  9 naga magi
  12 cane toads
  26 black mambas
  A minotaur zombie (Gauntlet)
  5 torpor snails (Lair:6)
  Maggie (D:6)
  A centaur skeleton (D:15)
  3 gargoyles
  3 komodo dragons
  2 kobold demonologists (D:14)
  2 ice devils (Lair:3)
  A yaktaur (D:15)
  6 rime drakes
  2 tengu conjurers
  3 trolls
  A wind drake (Lair:2)
  17 polar bears
  3 tyrant leeches (Lair:6)
  9 hornets
  18 blink frogs
  3 slime creatures (D:13)
  4 dream sheep (Lair:4)
  A centaur simulacrum (Gauntlet)
  Sigmund (D:2)
  3 shadows
  2 wraiths
  41 yaks
  A water elemental (D:14)
  4 hogs (D:15)
  6 wyverns
  Eustachio (D:5)
  4 vampire mosquitoes (D:15)
  6 basilisks
  38 nagas
  4 wargs
  14 water moccasins
  4 soldier ants
  An acid dragon (D:12)
  41 orc warriors
  2 black bears
  2 eyes of draining
  7 sky beasts
  2 phantoms
  6 ice beasts
  2 necrophages
  23 ogres
  21 wolves
  12 centaurs
  Blork the orc (D:4)
  A big kobold (shapeshifter) (D:14)
  2 big kobolds
  3 gnoll sergeants
  21 bullfrogs
  2 wyvern zombies
  A cane toad simulacrum (Gauntlet)
  3 scorpions
  6 killer bees (D:11)
  21 wights
  4 howler monkeys
  3 electric eels
  A wyvern simulacrum (Gauntlet)
  A gnoll shaman (D:5)
  17 hounds
  4 jellies
  3 bullfrog skeletons
  37 orc priests
  20 orc wizards
  5 iguanas
  Jessica (D:3)
  14 hell rats
  Natasha (thrice) (D:2)
  7 worker ants
  A bullfrog simulacrum (Gauntlet)
  Robin (D:3)
  21 gnolls
  A worker ant zombie (D:8)
  15 adders
  6 river rats (Sewer)
  2 white imps
  2 ufetubi
  An adder skeleton (D:5)
  3 adder zombies
  3 worms
  2 dart slugs
  4 leopard geckos
  100 orcs
  8 bats
  6 giant cockroaches
  12 goblins
  7 hobgoblins
  6 jackals
  25 kobolds
  5 quokkas
  8 ball pythons
  7 frilled lizards
  2 leopard gecko zombies
  24 rats
983 creatures vanquished.

Vanquished Creatures (collateral kills)
  A death yak (Lair:2)
  A black mamba (Lair:2)
  A cane toad (Lair:2)
  An ice statue (IceCv)
4 creatures vanquished.

Vanquished Creatures (others)
  Nessos (D:12)
  2 unseen horrors (D:12)
  An ugly thing (D:12)
  2 polar bears (IceCv)
  3 yaks (IceCv)
  An orc warrior (D:12)
  An orc wizard (Orc:2)
  A worker ant (D:12)
  An adder (D:12)
  2 orcs (D:12)
  11 fungi
  35 plants
61 creatures vanquished.

Grand Total: 1048 creatures vanquished

Notes
Turn   | Place    | Note
-------+----------+-------------------------------------------
     0 | D:1      | zcampers the Minotaur Berserker began the quest for the
                  | Orb.
     0 | D:1      | Reached XP level 1. HP: 19/19 MP: 0/0
   147 | D:1      | Reached XP level 2. HP: 21/27 MP: 1/1
   952 | D:2      | Found a shimmering altar of Xom.
  1010 | D:2      | Reached skill level 4 in Axes
  1050 | D:2      | Found a sparkling altar of Nemelex Xobeh.
  1111 | D:2      | Reached ** piety under Trog
  1195 | D:2      | Noticed Natasha
  1246 | D:2      | Killed Natasha
  1247 | D:2      | Reached XP level 3. HP: 32/33 MP: 2/2
  1620 | D:2      | Reached XP level 4. HP: 27/40 MP: 3/3
  1785 | D:2      | Noticed Sigmund
  1798 | D:2      | Killed Sigmund
  1799 | D:2      | Reached skill level 5 in Fighting
  1799 | D:2      | Reached XP level 5. HP: 48/48 MP: 4/4
  1863 | D:2      | Reached skill level 5 in Axes
  2201 | D:2      | Noticed Natasha
  2206 | D:2      | Killed Natasha
  2302 | D:2      | Noticed Natasha
  2309 | D:2      | Killed Natasha
  2310 | D:2      | Reached XP level 6. HP: 50/56 MP: 5/5
  2395 | D:3      | Noticed Robin
  2396 | D:3      | Found a glowing drain.
  2511 | D:3      | Killed Robin
  2530 | Sewer    | Entered a sewer
  3002 | Sewer    | Reached *** piety under Trog
  3358 | D:3      | Reached XP level 7. HP: 60/62 MP: 6/6
  3621 | D:3      | Noticed Jessica
  3628 | D:3      | Killed Jessica
  3629 | D:3      | Reached skill level 5 in Armour
  3636 | D:3      | Identified Jessica's Almanac of the Voyage
  3652 | D:3      | Gained mutation: You are somewhat resistant to further
                  | mutation. [potion of mutation]
  3652 | D:3      | Gained mutation: You expend magic power (3 MP) to
                  | strengthen your wands. [potion of mutation]
  3785 | D:4      | Found a broken altar of Ashenzari.
  3858 | D:4      | Reached skill level 6 in Axes
  3912 | D:4      | Found a snail-covered altar of Cheibriados.
  3977 | D:4      | Reached skill level 5 in Dodging
  3992 | D:4      | Noticed Blork the orc
  4000 | D:4      | Killed Blork the orc
  4241 | D:4      | Found Sapsu Gue's Antique Armour Emporium.
  4318 | D:4      | Found a shimmering blue altar of Sif Muna.
  4389 | D:4      | Bought a dazzling chain mail for 209 gold pieces
  4390 | D:4      | Identified the +6 chain mail of Qomenn {Int+4 Dex+3} (You
                  | bought it in a shop on level 4 of the Dungeon)
  4487 | D:5      | Entered Level 5 of the Dungeon
  4547 | D:5      | Reached XP level 8. HP: 51/71 MP: 7/7
  4656 | D:5      | Reached **** piety under Trog
  4657 | D:5      | Reached skill level 7 in Axes
  4703 | D:5      | Noticed Pikel
  4720 | D:5      | Killed Pikel
  4751 | D:5      | Found Ytusesch's General Store.
  4811 | D:5      | Found Ypledghu's Antique Armour Shoppe.
  4874 | D:4      | Reached XP level 9. HP: 65/81 MP: 8/8
  4886 | D:4      | Reached skill level 8 in Axes
  5036 | D:5      | Got an ancient bronze ring
  5038 | D:5      | Identified the ring "Wauxotur" {rN+ Dex+2} (You found it on
                  | level 5 of the Dungeon)
  5111 | D:5      | Noticed Eustachio
  5137 | D:5      | Killed Eustachio
  5443 | D:6      | Noticed Maggie
  5461 | D:6      | Killed Maggie
  5662 | D:6      | Found a burning altar of Makhleb.
  5926 | D:6      | Found a radiant altar of Vehumet.
  6009 | D:6      | Found Coamuzeg's Antique Armour Boutique.
  6088 | D:6      | Found a stormy altar of Qazlal.
  6198 | D:7      | Reached skill level 9 in Axes
  6868 | D:7      | Found a staircase to the Ecumenical Temple.
  6977 | D:8      | Noticed Maurice
  6980 | D:8      | Reached XP level 10. HP: 90/91 MP: 9/9
  6993 | D:8      | Killed Maurice
  7093 | D:8      | Found a staircase to the Lair.
  7235 | D:8      | Reached skill level 10 in Fighting
  7281 | D:8      | Reached skill level 10 in Axes
  7371 | D:8      | Found a glowing golden altar of the Shining One.
  7833 | D:9      | Found an opulent altar of Gozag.
  7902 | D:9      | Found a staircase to the Orcish Mines.
  8050 | D:9      | Found a sacrificial altar of Ru.
  8630 | D:9      | Found an ornate altar of the Wu Jian Council.
  8916 | D:5      | Bought a pair of encrusted boots for 285 gold pieces
  8921 | D:5      | Identified the +0 pair of boots of Time Monsters {rN+ Str+3
                  | Int+2 Stlth+} (You bought it in a shop on level 5 of the
                  | Dungeon)
  9006 | D:10     | Entered Level 10 of the Dungeon
  9028 | D:10     | Reached skill level 10 in Armour
  9044 | D:10     | Reached ***** piety under Trog
  9076 | D:10     | Got a shimmering long sword
  9077 | D:10     | Identified the +4 long sword of Ryuh {vorpal, Int+4} (You
                  | found it on level 10 of the Dungeon)
  9139 | D:10     | Found a runed translucent gate.
  9139 | D:10     | Found a runed translucent gate.
  9139 | D:10     | Found a runed translucent gate.
  9139 | D:10     | Noticed canine's ghost (journeyman GnFi)
  9142 | D:10     | Found Hine's Weapon Emporium.
  9214 | D:10     | Found a stormy altar of Qazlal.
  9244 | D:10     | Killed canine's ghost
  9276 | D:10     | Reached XP level 11. HP: 101/101 MP: 10/10
 10022 | Lair:1   | Entered Level 1 of the Lair of Beasts
 10036 | D:8      | Reached skill level 11 in Axes
 10290 | Lair:1   | Reached skill level 10 in Dodging
 10891 | Lair:1   | Noticed a six-headed hydra
 10898 | Lair:1   | Killed a ten-headed hydra
 11551 | Lair:2   | Found a staircase to the Shoals.
 11554 | Lair:2   | Noticed a death yak
 11567 | Lair:2   | Killed a death yak
 11597 | Lair:2   | Reached skill level 12 in Axes
 11628 | Lair:2   | Noticed a death yak
 11630 | Lair:2   | Noticed a death yak
 11632 | Lair:2   | Noticed a death yak
 11641 | Lair:2   | Noticed a seven-headed hydra
 11642 | Lair:2   | Reached XP level 12. HP: 112/112 MP: 11/11
 11642 | Lair:2   | Killed a death yak
 11645 | Lair:2   | Killed a death yak
 11650 | Lair:2   | Killed an 11-headed hydra
 11652 | Lair:2   | Killed a death yak
 12981 | Lair:3   | Found a staircase to the Snake Pit.
 13178 | Lair:3   | Found a frozen archway.
 13198 | IceCv    | Entered an ice cave
 13455 | IceCv    | Found the +2 cloak of the Thief {*Fog Slay-2 SInv Stlth+}
 13497 | IceCv    | Reached skill level 13 in Axes
 13968 | IceCv    | Noticed a frost giant
 13987 | IceCv    | Reached XP level 13. HP: 122/122 MP: 12/12
 14008 | IceCv    | Killed a frost giant
 14256 | IceCv    | Found the +3 Elemental Staff {rElec rF++ rC++ Will++ AC+5}
 14791 | Lair:3   | Noticed Nergalle
 14802 | Lair:3   | Killed Nergalle
 16012 | Lair:4   | Reached skill level 14 in Axes
 16095 | Lair:5   | Found a gate leading to a gauntlet.
 16136 | Gauntlet | Entered a Gauntlet
 16136 | Gauntlet | Found a transporter.
 16136 | Gauntlet | Found a transporter.
 16142 | Gauntlet | Found a transporter.
 16142 | Gauntlet | Found a transporter.
 16145 | Gauntlet | Found a transporter.
 16187 | Gauntlet | Found a transporter.
 16189 | Gauntlet | Found a transporter.
 16190 | Gauntlet | Found a transporter.
 16191 | Gauntlet | Noticed a death ooze
 16201 | Gauntlet | Found a transporter.
 16216 | Gauntlet | Found a runed translucent door.
 16217 | Gauntlet | Found a transporter.
 16218 | Gauntlet | Found a runed translucent door.
 16227 | Gauntlet | Found a transporter.
 16241 | Gauntlet | Found a transporter.
 16261 | Gauntlet | Found a transporter.
 16273 | Gauntlet | Found a transporter.
 16617 | Gauntlet | Identified Enoyhuk's Papyrus of the Compass and
                  | Transmutation
 16651 | Gauntlet | Noticed a minotaur
 16688 | Gauntlet | Killed a minotaur
 16968 | Gauntlet | Identified the Disquisition on Entrancing Conjuration
 17234 | Lair:5   | Found a staircase to the Slime Pits.
 17635 | Lair:5   | Reached XP level 14. HP: 133/133 MP: 13/13
 18048 | Lair:6   | Entered Level 6 of the Lair of Beasts
 18829 | Lair:6   | Found a runed translucent door.
 18935 | Lair:6   | Reached skill level 15 in Fighting
 19246 | Lair:6   | Paralysed by a hornet for 3 turns
 19252 | Lair:6   | Reached skill level 15 in Axes
 19412 | Lair:6   | Paralysed by a hornet for 3 turns
 19964 | D:11     | Reached skill level 15 in Armour
 20155 | D:11     | Identified a scroll of acquirement
 20155 | D:11     | Acquired a manual of Axes
 20268 | D:11     | Received a gift from Trog
 20981 | D:12     | Noticed Fannar
 20998 | D:12     | Killed Fannar
 21022 | D:12     | Killed Nessos
 21253 | D:12     | Found a shimmering altar of Xom.
 21745 | D:13     | Found a sacrificial altar of Ru.
 21843 | D:13     | Found a gate to the Vaults.
 21871 | D:13     | Reached skill level 16 in Axes
 22885 | D:13     | Reached XP level 15. HP: 143/143 MP: 14/14
 23283 | D:14     | Reached skill level 1 in Shields
 23437 | D:14     | Noticed Snorg
 23453 | D:14     | Killed Snorg
 23647 | D:14     | Found Gigeaxke's Armour Emporium.
 23666 | D:14     | Bought a scarf of repulsion for 180 gold pieces
 23838 | D:14     | Received a gift from Trog
 23851 | D:14     | Got a pair of twisted gloves
 23862 | D:14     | Identified the +3 pair of gloves "Umainub" {rC+ Str+4} (You
                  | found it on level 14 of the Dungeon)
 24298 | Orc:1    | Entered Level 1 of the Orcish Mines
 24463 | Orc:2    | Entered Level 2 of the Orcish Mines
 24463 | Orc:2    | Noticed Erolcha
 24475 | Orc:2    | Paralysed by Erolcha for 4 turns
 24485 | Orc:2    | Killed Erolcha
 24743 | Orc:2    | Found Xoush's General Store.
 24767 | Orc:2    | Found a roughly hewn altar of Beogh.
 24827 | Orc:2    | Noticed an orc warlord
 24837 | Orc:2    | Killed an orc warlord
 24846 | Orc:2    | Reached skill level 17 in Axes
 24899 | Orc:2    | Found Soviog's Book Shoppe.
 25319 | Orc:2    | Noticed Saint Roka
 25363 | Orc:2    | Killed Saint Roka
 25364 | Orc:2    | Reached skill level 15 in Dodging
 25563 | Orc:2    | Found Toagom's Jewellery Shop.
 25602 | Orc:2    | Found Ezapticw's Jewellery Shoppe.
 25620 | Orc:2    | Bought the ring of Xaisuthe {rF+ rC+ rN+ Will+ AC+4} for
                  | 1135 gold pieces
 25637 | Orc:2    | Found a roughly hewn altar of Beogh.
 25832 | Orc:2    | Reached skill level 5 in Shields
 26051 | Orc:2    | Found a staircase to the Elven Halls.
 26132 | Orc:2    | Received a gift from Trog
 26633 | Orc:1    | Found a roughly hewn altar of Beogh.
 26890 | D:15     | Entered Level 15 of the Dungeon
 26940 | D:15     | Noticed Louise
 26961 | D:15     | Killed Louise
 27070 | D:15     | Noticed Kirke
 27076 | D:15     | Noticed a sphinx
 27090 | D:15     | Killed Kirke
 27247 | D:15     | Found a staircase to the Depths.
 27266 | D:15     | Reached XP level 16. HP: 152/152 MP: 15/15
 27329 | D:15     | Reached skill level 18 in Axes
 27990 | Snake:1  | Entered Level 1 of the Snake Pit
 28537 | Snake:1  | Received a gift from Trog
 30354 | Snake:3  | Noticed Vashnia
 30376 | Snake:3  | Killed Vashnia
 30835 | Snake:4  | Entered Level 4 of the Snake Pit
 30853 | Snake:4  | Reached XP level 17. HP: 161/163 MP: 16/16
 30858 | Snake:4  | Reached ****** piety under Trog
 31112 | Snake:4  | HP: 8/163 [black mamba (2)]
 31112 | Snake:4  | Mangled by a salamander

Illustrated notes

Levels and vault maps discovered:
D:1:      dpeg_arrival_prison, layout_rooms, minmay_nonomino_d4
D:2:      layout_loops_ring, lemuel_doored_altar, lemuel_round_altar,
          serial_co_window_serial, co_window_paths_b, co_window_paths_a,
          co_window_paths_a, co_window_paths_b, co_window_corner_a,
          co_window_corner_a, co_window_of_opportunity_a, co_window_corner_b,
          co_window_of_opportunity_b, co_window_broadway_c,
          co_window_of_opportunity_b, co_window_broadway_a, glass_columns_a,
          uniq_natasha, uniq_sigmund
D:3:      layout_rooms, cheibrodos_sewer_entry_drain, kennysheep_jessica_study,
          uniq_robin
D:4:      layout_loops_ring, nicolae_overflow_crystal_walls,
          cheibriados_altar_1, lemuel_round_altar, serial_shops, shop_statue,
          uniq_blork_the_orc
D:5:      layout_cave_pools, serial_gnoll_camp, gnoll_camp_mini_shop,
          gnoll_camp_mini_shop, gnoll_camp_huts_basic, gnoll_camp_mini_doghouse,
          eino_tiny_chamber, uniq_pikel, uniq_eustachio
D:6:      layout_loops_ring, kennysheep_mini_moat, general_overflow_altar,
          kennysheep_little_box, serial_shops, shop, uniq_maggie
D:7:      layout_loops_cross, temple_statues, solitary_fountain,
          grunt_decor_mini_mirrors, roderic_serpentine_path
D:8:      layout_cave_pools, kennysheep_mini, david_lair_generic, uniq_maurice
D:9:      layout_stronghold, nicolae_ru_awakened_eye, grunt_gozag_breadcrumbs,
          nicolae_overflow_hidden_temple, orc_0_dummy, minmay_fountain_box
D:10:     layout_irregular_city, basic_altar, serial_shops, shop,
          ebering_ghost_rock_garden, kennysheep_generic_room_16
D:11:     layout_roguey
D:12:     layout_loops_ring, amcnicky_mini_pool_small, xom_confusion_cloud,
          uniq_fannar, uniq_nessos
D:13:     layout_basic, erik_vaults_1, basic_altar
D:14:     layout_roguey, serial_shops, nicolae_shop_crystal, minivault_4,
          uniq_snorg
D:15:     hangedman_depths_entry_try_elsewhere_first, layout_basic,
          grunt_decor_arrowhead, nrook_mini_backslash, uniq_louise, uniq_kirke
Lair:1:   layout_small_grid, st_stairs_8, infiniplex_staircase_pool
Lair:2:   layout_gridlike, minmay_shoals_entry_beasts, serial_bayou_shore_b
Lair:3:   layout_regular_city, minmay_snake_entry_guardpost_medium,
          portal_ice_cave_demonic_guard, uniq_nergalle
Lair:4:   layout_big_grid
Lair:5:   layout_gridlike, minmay_slime_entry_oklob_open,
          gauntlet_entry_generic, chequers_serial_rivers_small_a,
          serial_bayou_shore_a
Lair:6:   wormcave, layout_regular_city, chequers_serial_rivers_small_3,
          lookout_lair_type, serial_bayou_ford_a
Snake:1:  layout_honeycomb, grunt_ministairs_4
Snake:2:  layout_misc_corridors
Snake:3:  layout_onion, uniq_vashnia
Snake:4:  grunt_snake_rune_spirals, layout_onion, gammafunk_ghost_cemetery,
          minmay_shop_grove
Orc:1:    layout_diamond_mine, basic_altar
Orc:2:    pubby_orc_utopia, uniq_erolcha

Skill      XL: |  1  2  3  4  5  6  7  8  9 10 11 12 13 14 15 16 |
---------------+-------------------------------------------------+-----
Fighting       | 4 5 6 8 9 10 12 13 14 15 16 17 | 17.8
Axes           | 4 5 6 7 9 10 12 13 14 16 17 18 | 18.4
Armour         | 3 4 6 7 9 10 11 13 14 15 16 17 | 17.6
Dodging        | 3 4 5 6 8 9 11 12 13 14 15 16 | 16.4
Shields        | 6 9 |  9.7

Action                   |  1- 3 |  4- 6 |  7- 9 | 10-12 | 13-15 | 16-18 || total
-------------------------+-------+-------+-------+-------+-------+-------++-------
Melee: Hand axe          |    72 |   148 |   214 |       |       |       ||   434
       Headbutt          |     7 |    15 |    49 |   117 |   335 |   129 ||   652
       War axe           |       |       |    63 |   449 |  1122 |   415 ||  2049
Throw: Boomerang         |     4 |     3 |    17 |     7 |     1 |       ||    32
Invok: Berserk           |       |     1 |     4 |     4 |    16 |     3 ||    28
       Trog's Hand       |       |     4 |    16 |    19 |    40 |    14 ||    93
       Brothers in Arms  |       |       |       |     2 |     1 |     2 ||     5
Evoke: Wand              |       |       |       |     1 |     1 |       ||     2
  Use: Potion            |       |     7 |     4 |     4 |     9 |     2 ||    26
       Scroll            |       |     7 |     6 |     4 |    23 |     7 ||    47
 Stab: Invisible         |       |       |       |     4 |     2 |       ||     6
Armor: Animal skin       |     8 |       |       |       |       |       ||     8
       Chain mail        |    40 |   112 |   208 |   235 |   529 |   164 ||  1288
Dodge: Dodged            |    37 |   100 |   204 |   399 |   858 |   264 ||  1862
       Repelled          |       |       |       |       |     1 |    24 ||    25
Block: Kite shield       |       |       |       |       |   198 |   392 ||   590
